 Dungeon Crawl Stone Soup version 0.21.1-1-g345015f (webtiles) character file.

238 Monsterracer the Cudgeler (level 5, -2/45 HPs)
             Began as a Demigod Fighter on Feb 11, 2018.
             Slain by a bullfrog (3 damage)
             ... in a sewer.
             The game lasted 00:04:10 (3099 turns).

Monsterracer the Cudgeler (Demigod Fighter)         Turns: 3099, Time: 00:04:10

Health: -2/45      AC:  6    Str: 21    XL:     5   Next: 48%
Magic:  7/7        EV:  8    Int: 12    God:
Gold:   97         SH:  9    Dex: 15    Spells: 4/4 levels left

rFire    . . .     SeeInvis .   a - +1 flail
rCold    . . .     Gourm    .   f - +0 shield
rNeg     . . .     Faith    .   b - +0 scale mail
rPois    +         Spirit   .   (no helmet)
rElec    .         Reflect  .   (no cloak)
rCorr    .         Harm     .   (no gloves)
MR       .....                  (no boots)
Stlth    ..........             m - amulet of magic regeneration
HPRegen  0.15/turn              n - ring of poison resistance {!d}
MPRegen  0.35/turn              (no ring)

@: hasted, very quick
A: high mp 1
a: no special abilities


You were in a sewer.
You were not hungry.

You visited 1 branch of the dungeon, and saw 3 of its levels.
You also visited: Sewer.

You collected 97 gold pieces.

Inventory:

Hand Weapons
 a - a +1 flail (weapon)
Armour
 b - a +0 scale mail (worn)
 f - a +0 shield (worn)
Jewellery
 m - an amulet of magic regeneration (around neck)
 n - a ring of poison resistance (left hand) {!d}
Scrolls
 e - 2 scrolls of identify
 k - a scroll of magic mapping {!r}
Potions
 d - 3 potions of might
 g - a potion of mutation {!q}
 h - 2 potions of agility
 l - a potion of magic
 o - a potion of ambrosia {!q}
 p - a potion of brilliance
Comestibles
 c - 3 rations
 i - 2 chunks of flesh


   Skills:
 + Level 3.1 Fighting
 * Level 4.6 Maces & Flails
 + Level 3.1 Armour
 + Level 1.2 Dodging
 + Level 3.0 Shields


You had 4 spell levels left.
You didn't know any spells.

Dungeon Overview and Level Annotations

Branches:
Dungeon (3/15)


Innate Abilities, Weirdness & Mutations

You have an increased reservoir of magic. (+10% MP)


Message History

The bullfrog hits you but does no damage.
You block the ball python's attack. The ball python constricts you.
You escape the ball python's grasp.
There is an open door here.
You block the ball python's attack. x2
You closely miss the ball python. You block the ball python's attack. x2
You barely miss the ball python. The ball python closely misses you.
You block the ball python's attack.
You sock the ball python!
You kill the ball python!
The ball python misses you. The ball python barely misses you.
You block the ball python's attack. x2
You hit the ball python.
You kill the ball python!
The ball python closely misses you. The ball python grabs you.
The ball python constricts you.
You take 1 damage, and have 36/45 hp.
You hit the ball python.
The ball python is severely wounded.
The ball python loses its grip on you. You block the ball python's attack. x2
The ball python barely misses you. The ball python grabs you.
The ball python constricts you.
You thump the ball python!
You kill the ball python!
The ball python bites you but does no damage.
The ball python grabs you. The ball python constricts you.
The bullfrog hits you but does no damage.
The ball python bites you but does no damage.
The ball python constricts you.
You thump the ball python!
You kill the ball python!
You closely miss the bullfrog. The bullfrog completely misses you.
The ball python bites you but does no damage.
The ball python grabs you. The ball python constricts you.
You block the bullfrog's attack.
You hit the bullfrog.
The bullfrog is lightly wounded.
The bullfrog barely misses you. The ball python bites you.
The ball python constricts you.
The bullfrog hits you but does no damage.
The ball python bites you. The ball python constricts you.
You take 3 damage, and have 34/45 hp.
You closely miss the bullfrog.
The bullfrog is lightly wounded.
The bullfrog hits you.
The ball python bites you but does no damage.
The ball python constricts you. You block the bullfrog's attack.
You take 3 damage, and have 31/45 hp.
You hit the ball python.
You kill the ball python!
The bullfrog hits you. The bullfrog barely misses you.
You take 6 damage, and have 25/45 hp.
You completely miss the bullfrog.
The bullfrog is lightly wounded.
You block the bullfrog's attack.
The bullfrog snags a nearby mosquito with its tongue.
You block the bullfrog's attack.
The bullfrog hits you but does no damage.
The bullfrog barely misses you.
You hit the bullfrog.
The bullfrog is heavily wounded.
You block the bullfrog's attack.
The bullfrog hits you but does no damage.
The bullfrog hits you. The bullfrog closely misses you.
You take 1 damage, and have 25/45 hp.
You hit the bullfrog.
The bullfrog is severely wounded.
The bullfrog hits you but does no damage.
The bullfrog hits you!
* * * LOW HITPOINT WARNING * * *
You block the bullfrog's attack.
You take 7 damage, and have 18/45 hp.
You barely miss the bullfrog.
The bullfrog is severely wounded.
You block the bullfrog's attack. x2; The bullfrog hits you!
* * * LOW HITPOINT WARNING * * *
The bullfrog hits you.
* * * LOW HITPOINT WARNING * * *
You take 8 damage, and have 10/45 hp.
You closely miss the bullfrog.
The bullfrog is severely wounded.
You block the bullfrog's attack.
The bullfrog hits you but does no damage. x2
You block the bullfrog's attack.
You closely miss the bullfrog.
The bullfrog is severely wounded.
The bullfrog hits you but does no damage.
The bullfrog closely misses you. The bullfrog barely misses you.
You hit the bullfrog.
The bullfrog is severely wounded.
You block the bullfrog's attack. The bullfrog hits you.
* * * LOW HITPOINT WARNING * * *
The bullfrog hits you.
* * * LOW HITPOINT WARNING * * *
The bullfrog hits you.
* * * LOW HITPOINT WARNING * * *
You take 10 damage, and have 1/45 hp.
MASSIVE DAMAGE!!
You feel yourself speed up. You block the bullfrog's attack.
The bullfrog hits you.
You die...

≈≈≈≈≈≈≈≈..≈≈≈≈†.....#
≈≈≈≈≈≈≈.(.≈≈≈≈≈≈....#
≈≈≈≈≈≈≈≈≈≈≈≈≈≈≈.....##
≈≈≈≈≈≈≈#≈≈≈≈≈≈≈......#
#################....#
##...## #####...#
#.FF....# #.@#....#
####SS.##
#################....#
≈≈≈≈≈≈≈≈≈≈≈≈≈≈≈...F..#
≈≈≈≈≈≈≈≈≈≈≈≈≈≈≈≈....##
#≈≈≈≈≈≈≈≈≈≈≈≈≈≈.....#
≈≈≈≈≈≈≈≈≈≈≈≈≈≈≈.....#
≈≈≈≈≈≈..≈#≈≈≈≈≈....##
≈≈≈≈≈≈≈≈≈≈≈≈≈≈≈..###


You could see 2 bullfrogs.

Vanquished Creatures
  A worker ant (D:2)
  7 adders
  5 river rats (Sewer)
  2 worms (D:2)
  2 leopard geckos (D:3)
  An orc (D:3)
  11 ball pythons (Sewer)
  11 bats
  6 giant cockroaches
  10 goblins
  7 hobgoblins
  2 jackals (D:3)
  7 kobolds
  A quokka (D:2)
  2 frilled lizards
  29 rats
104 creatures vanquished.

Notes
Turn   | Place    | Note
-------+----------+-------------------------------------------
     0 | D:1      | Monsterracer the Demigod Fighter began the quest for the Orb.
     0 | D:1      | Reached XP level 1. HP: 18/18 MP: 3/3
    37 | D:1      | Reached skill level 2 in Maces & Flails
   150 | D:1      | Reached XP level 2. HP: 25/25 MP: 4/4
   301 | D:1      | Reached skill level 3 in Maces & Flails
   584 | D:2      | Reached XP level 3. HP: 29/30 MP: 5/5
   707 | D:2      | Reached skill level 4 in Maces & Flails
  1090 | D:2      | Found a faded altar of an unknown god.
  1294 | D:2      | Reached XP level 4. HP: 23/37 MP: 6/6
  1805 | D:3      | Found a glowing drain.
  1965 | Sewer    | Entered a sewer
  2042 | Sewer    | HP: 18/37 [adder (3)]
  2047 | Sewer    | HP: 15/37 [poisoned by an adder]
  2052 | Sewer    | HP: 14/37 [poisoned by an adder]
  2059 | Sewer    | HP: 13/37 [poisoned by an adder]
  2067 | Sewer    | HP: 12/37 [poisoned by an adder]
  2307 | Sewer    | HP: 16/37 [river rat (3)]
  2312 | Sewer    | HP: 2/37 [river rat (7)]
  2609 | Sewer    | Reached XP level 5. HP: 44/44 MP: 7/7
  2639 | Sewer    | Reached skill level 1 in Dodging
  2640 | Sewer    | HP: 22/45 [poisoned by an adder]
  2645 | Sewer    | HP: 20/45 [adder (1)]
  3094 | Sewer    | HP: 18/45 [bullfrog (7)]
  3098 | Sewer    | HP: 8/45 [bullfrog (3)]
  3098 | Sewer    | HP: 1/45 [bullfrog (5)]
  3099 | Sewer    | Slain by a bullfrog

Skill      XL: |  1  2  3  4  5 |
---------------+----------------+-----
Maces & Flails | 2 3 4 |  4.6
Dodging        | 1 |  1.2
Fighting       | 3 |  3.1
Armour         | 3 |  3.1
Shields        | 3 |  3.0

Action                   |  1- 3 |  4- 6 || total
-------------------------+-------+-------++-------
Melee: Flail             |   142 |   208 ||   350
  Use: Scroll            |       |    12 ||    12
       Potion            |       |     1 ||     1
  Eat: Chunk             |     1 |     7 ||     8
Armor: Scale mail        |    71 |   132 ||   203
Dodge: Dodged            |    76 |   119 ||   195
Block: Shield            |    95 |   174 ||   269

Vault maps used:
D:1:      sevenhm_arrival_forest_fort_small_3
D:2:      chequers_ecumenical_altar_island, minivault_26, minmay_close_crescents
D:3:      gup_sewer_entry_bubbles, okawaru_gym_becter
Sewer:    sewer_minmay_w
